 Dungeon Crawl Stone Soup version 0.30.2 (webtiles) character file.

Game seed: 7479097468462064301

1005 Strat the Stinger (level 8, -2/54 HPs)
             Began as an Octopode Venom Mage on Mar 3, 2024.
             Slain by an ice beast (12 damage)
             ... on level 5 of the Dungeon.
             The game lasted 00:12:29 (5136 turns).

Strat the Stinger (Octopode Venom Mage)             Turns: 5136, Time: 00:12:30

Health: -2/54      AC:  1    Str:  7    XL:     8   Next: 20%
Magic:  22/22      EV: 14    Int: 26    God:
Gold:   238        SH:  0    Dex: 12    Spells: 4/14 levels left

rFire   . . .        a - +0 short sword (venom)
rCold   . . .        (no shield)
rNeg    . . .        (helmet restricted)
rPois   .            (no amulet)
rElec   .            e - +6 ring of intelligence
rCorr   .            f - ring of magical power
SInv    .            u - ring of willpower
Will    +....        (no ring)
Stlth   ++++         (no ring)
HPRegen 0.29/turn    (no ring)
MPRegen 0.18/turn    (no ring)
                     (no ring)

%: no passive effects
@: no status effects
A: almost no armour, amphibious, 8 rings, camouflage 1, gelatinous body 1,
(nimble swimmer 1), tentacles
a: no special abilities


You were on level 5 of the Dungeon.
You visited 1 branch of the dungeon, and saw 5 of its levels.

You collected 238 gold pieces.

Inventory:

Hand Weapons
 a - a +0 short sword of venom (weapon)
 b - a +0 sling of electrocution
 j - a +2 vampiric dagger
Magical Staves
 g - a staff of earth
Jewellery
 e - a +6 ring of intelligence (left tentacle)
 f - a ring of magical power (right tentacle)
 u - a ring of willpower (on tentacle)
Wands
 w - a wand of polymorph (6)
 x - a wand of flame (5)
Scrolls
 i - a scroll of vulnerability {unknown}
Potions
 c - 2 potions of magic
 d - 2 potions of curing
 h - a potion of cancellation {unknown}
 k - a potion of invisibility
 l - a potion of flight
 q - a potion of haste {unknown}
 s - a potion of mutation {unknown}
 v - a potion of lignification {unknown}


   Skills:
 + Level 3.8 Fighting
 + Level 4.5 Dodging
 - Level 6.0 Stealth
 + Level 3.6 Spellcasting
 - Level 1.0 Transmutations
 - Level 7.0 Poison Magic


You had 4 spell levels left.
You knew the following spells:

 Your Spells              Type           Power      Damage    Failure   Level
a - Sting                 Tmut/Pois      100%       1d8       1%          1
b - Poisonous Vapours     Pois/Air       44%        N/A       3%          2
c - Olgreb's Toxic Radia  Pois           41%        N/A       4%          4
d - Mephitic Cloud        Conj/Pois/Air  16%        N/A       11%         3

Your spell library contained the following spells:

 Spells                   Type           Power      Damage    Failure   Level
 Frozen Ramparts          Ice            8%         1d2       26%         3
 Ice Form                 Ice/Tmut       7%         N/A       56%         4
 Summon Ice Beast         Ice/Summ       4%         N/A       65%         4


Dungeon Overview and Level Annotations

Branches:
Dungeon (5/15)
 Temple: D:4-7

Altars:
Uskayaw


Innate Abilities, Weirdness & Mutations

You cannot wear most types of armour.
You are amphibious.
You can wear up to eight rings at the same time.
Your skin changes colour to match your surroundings (Stealth+).
Your rubbery body absorbs attacks. (AC +1, EV +1)
((You are camouflaged when in or above water. (Stealth+)))
You have tentacles for arms and can constrict up to eight enemies at once.


Message History

j - a +0 short sword of venom Adjust (i)tems, (s)pells, or (a)bilities?
j - a +0 short sword of venom Adjust to which letter? (? for menu, Esc to quit)
a - a +0 short sword of venom;
j - a +2 vampiric dagger Unknown command.
Your +0 sling of electrocution stops crackling.
Your +0 short sword of venom begins to drip with poison!
a - a +0 short sword of venom (weapon)
Your +0 short sword of venom stops dripping with poison.
You hear the crackle of electricity.
b - a +0 sling of electrocution (weapon)
You see here a +0 ring mail.
Found a stone staircase leading down.
There is a stone staircase leading down here.
You shoot a sling bullet. The sling bullet hits the ice beast.
Lightning courses through the ice beast!
The ice beast is severely wounded.
You shoot a sling bullet. The sling bullet hits the ice beast.
The ice beast is severely wounded.
The ice beast hits you. The ice beast freezes you!
You shoot a sling bullet.
The sling bullet closely misses the ice beast.
The ice beast hits you. The ice beast freezes you!
* * * LOW HITPOINT WARNING * * *
You are too injured to fight recklessly!
You are too injured to fight recklessly!
Your +0 sling of electrocution stops crackling.
Your +0 short sword of venom begins to drip with poison!
a - a +0 short sword of venom (weapon)
The ice beast hits you.
* * * LOW HITPOINT WARNING * * *
The ice beast freezes you!
* * * LOW HITPOINT WARNING * * *
You hit the ice beast.
The ice beast is severely wounded.
The ice beast hits you.
* * * LOW HITPOINT WARNING * * *
The ice beast freezes you!
You die...

*,...†..'....# *,* *,*****
***,.....##....# *,* *,,,,,*
*,,,Y.....#.######,* *****,*
*,,,.,**#.#......#,* *,* *,,,,,*
#.Y.####.#,* *,* *,,,,,*
###.#<.#.#,***#***,* *,,,,,*
#.Y.##.#,*...,,,,*
####################.#.....*****
................@Y.>.....#,*
###################$.....#,*
#.###.##,* #.# *,..,* #.# ****#*
#.# #.# #.# ***** *,*


You could see an ice beast.

Vanquished Creatures
  Sigmund (D:2)
  Edmund (D:5)
  An ice beast (D:4)
  A centaur (D:5)
  2 scorpions (D:4)
  A ballistomycete (D:5)
  A hound (D:5)
  4 iguanas
  Jessica (D:2)
  A sleepcap (D:5)
  An orc wizard (D:3)
  6 gnolls (D:2)
  3 adders (D:5)
  A white imp (D:5)
  An ufetubus (D:5)
  2 dart slugs
  9 orcs
  4 bats
  6 endoplasms
  A giant cockroach (D:2)
  5 hobgoblins
  9 kobolds
  4 quokkas
  4 ball pythons
  6 frilled lizards
  5 goblins
  4 rats
85 creatures vanquished.

Vanquished Creatures (others)
  A ballistomycete spore (D:5)
1 creature vanquished.

Grand Total: 86 creatures vanquished

Notes
Turn   | Place    | Note
-------+----------+-------------------------------------------
     0 | D:1      | Strat the Octopode Venom Mage began the quest for the Orb.
     0 | D:1      | Reached XP level 1. HP: 11/11 MP: 3/3
    44 | D:1      | Reached skill level 4 in Poison Magic
    49 | D:1      | Reached XP level 2. HP: 3/17 MP: 0/5
   151 | D:1      | Learned a level 2 spell: Poisonous Vapours
   713 | D:2      | Reached skill level 5 in Poison Magic
   713 | D:2      | Reached XP level 3. HP: 21/21 MP: 6/6
   909 | D:2      | Noticed Jessica
   919 | D:2      | Killed Jessica
   920 | D:2      | Reached skill level 6 in Poison Magic
   920 | D:2      | Reached XP level 4. HP: 22/27 MP: 7/7
  1019 | D:2      | Noticed Sigmund
  1056 | D:2      | Killed Sigmund
  1057 | D:2      | Reached skill level 7 in Poison Magic
  1057 | D:2      | Reached skill level 1 in Fighting
  1057 | D:2      | Reached XP level 5. HP: 13/33 MP: 8/8
  1057 | D:2      | Reached XP level 6. HP: 15/38 MP: 9/9
  1509 | D:2      | Learned a level 4 spell: Olgreb's Toxic Radiance
  1907 | D:3      | Identified the +3 spear of Loehoykhla {venom, *Rage rElec
                  | SInv Stlth+}
  2275 | D:3      | Found a hide-covered altar of Uskayaw.
  2566 | D:4      | Reached XP level 7. HP: 45/45 MP: 10/10
  2712 | D:4      | Identified the +6 short sword of Caugh {antimagic, Fragile
                  | rPois Str+2 Dex+3}
  3556 | D:5      | Entered Level 5 of the Dungeon
  3836 | D:5      | Noticed Edmund
  3960 | D:4      | Reached skill level 5 in Stealth
  4558 | D:5      | Learned a level 3 spell: Mephitic Cloud
  4700 | D:5      | Reached XP level 8. HP: 52/52 MP: 13/13
  4837 | D:5      | Killed Edmund
  5136 | D:5      | Slain by an ice beast

Illustrated notes

Levels and vault maps discovered:
D:1:      amcnicky_arrival_feature_with_door, layout_rooms,
          chequers_serial_rivers_small_3, chequers_serial_rivers_micro_b
D:2:      layout_basic, grunt_ministairs_5, uniq_jessica, uniq_sigmund
D:3:      layout_basic, eat_drink_and_be_merry_uskayaw, minmay_door_square
D:4:      layout_basic
D:5:      layout_basic, uniq_edmund

Skill      XL: |  1  2  3  4  5  6  7  8 |
---------------+-------------------------+-----
Poison Magic   | 4 5 6 7 |  7.0
Fighting       | 1 2 3 |  3.8
Stealth        | 3 4 5 6 |  6.0
Dodging        | 3 4 |  4.5
Spellcasting   | 3 |  3.6
Transmutations | |  1.0

Action                     |  1- 3 |  4- 6 |  7- 9 || total
---------------------------+-------+-------+-------++-------
  Melee: Unarmed           |    11 |       |       ||    11
         Constrict         |     7 |       |       ||     7
         Tentacles         |     4 |       |       ||     4
         Short sword       |     9 |       |     1 ||    10
   Fire: Sling             |    22 |    58 |    74 ||   154
   Cast: Sting             |     3 |     2 |     1 ||     6
         Poisonous Vapours |    16 |    37 |    33 ||    86
         Olgreb's Toxic Ra |       |       |     2 ||     2
         Mephitic Cloud    |       |       |     1 ||     1
  Evoke: Wand              |       |       |     7 ||     7
    Use: Scroll            |       |       |    10 ||    10
   Stab: Sleeping          |     2 |       |       ||     2
 Armour: Skin              |     4 |     2 |     1 ||     7
  Dodge: Dodged            |    33 |    41 |    55 ||   129
